 Dungeon Crawl Stone Soup version 0.28.0-43-g3370ac3207 (webtiles) character file.

Game seed: 15326844229416814917

272 banana55725 the Skirmisher (level 6, 40/51 HPs)
             Began as a Formicid Fighter on Mar 11, 2022.
             Was an Initiate of Ashenzari.
             Quit the game on level 4 of the Dungeon.
             The game lasted 00:05:49 (3558 turns).

banana55725 the Skirmisher (Formicid Fighter)       Turns: 3558, Time: 00:05:49

Health: 40/51      AC: 13    Str: 22    XL:     6   Next: 48%
Magic:  6/6        EV:  7    Int:  8    God:    Ashenzari [......]
Gold:   99         SH:  5    Dex: 10    Spells: 5/5 levels left

rFire   . . .      SeeInvis +   a - +0 quarterstaff
rCold   . . .      Faith    .   c - +0 buckler of Ashenzari's Seer {Bglg, Fort} (curse)
rNeg    + . .      Spirit   .   n - +2 chain mail {rN+}
rPois   .          Reflect  .   (helmet unavailable)
rElec   .          Harm     .   (no cloak)
rCorr   .          Rampage  .   (no gloves)
Will    .....                   f - +1 pair of boots
Stlth   ..........              (no amulet)
HPRegen 0.17/turn               (no ring)
MPRegen 0.10/turn               (no ring)

@: no status effects
A: permanent stasis, dig shafts and tunnels, antennae 3, four strong arms
a: Dig, Shaft Self, Renounce Religion, Curse Item, Shatter the Chains


You were on level 4 of the Dungeon.
You worshipped Ashenzari.
Ashenzari was noncommittal.
You visited 1 branch of the dungeon, and saw 4 of its levels.

You collected 99 gold pieces.

Inventory:

Hand Weapons
 a - a +0 quarterstaff (weapon)
Armour
 b - a +0 scale mail
 c - the cursed +0 buckler of Ashenzari's Seer (worn) {Bglg, Fort}

   It has a curse which improves the following skills: Beguiling: Conjurations,
   Hexes and Translocations.
   Fortitude: Armour and Shields.
 f - a +1 pair of boots (worn)
 n - a +2 chain mail of positive energy (worn)
Scrolls
 d - a scroll of silence {unknown}
 e - a scroll of fear {unknown}
 g - a scroll of identify {unknown}
 h - a scroll of enchant armour {unknown}
 m - a scroll of teleportation {unknown}
Potions
 i - a potion of curing
 j - a potion of ambrosia {unknown}
 k - 2 potions of heal wounds {unknown}
 l - a potion of flight {unknown}


   Skills:
 * Level 5.1 Fighting
 * Level 3.9 Staves
 + Level 4.1(4.6) Armour
 + Level 4.6(5.1) Shields


You had 5 spell levels left.
You didn't know any spells.
Your spell library contained the following spells:

 Spells                   Type           Power      Damage    Failure   Level
 Shock                    Conj/Air       0%         1d3       99%         1
 Airstrike                Air            0%         N/A       100%        4
 Swiftness                Air            Unusable   N/A       N/A         3

Dungeon Overview and Level Annotations

Branches:
Dungeon (4/15)
 Temple: D:4-7

Altars:
Ashenzari
Zin


Innate Abilities, Weirdness & Mutations

You cannot be hasted, slowed, berserked, paralysed or teleported.
You can dig through walls and to a lower floor.
You have a pair of large antennae on your head. (SInv)
Your four strong arms can wield two-handed weapons with a shield.


Message History

The hobgoblin is almost dead.
The adder bites you but does no damage. The hobgoblin barely misses you.
You sock the hobgoblin!
You kill the hobgoblin!
The adder bites you but does no damage. You block the adder's attack.
You block the adder's attack.
You closely miss the giant cockroach. The adder bites you but does no damage.
The giant cockroach bites you but does no damage.
You miss the adder.
The adder is severely wounded.
The adder bites you but does no damage.
The giant cockroach bites you but does no damage.
The adder bites you but does no damage.
You sock the adder!
You kill the adder!
The giant cockroach barely misses you. x2
You barely miss the giant cockroach. You block the giant cockroach's attack.
You closely miss the giant cockroach.
You block the giant cockroach's attack. x2
You hit the giant cockroach but do no damage.
The giant cockroach completely misses you.
You barely miss the giant cockroach. The giant cockroach barely misses you.
You hit the giant cockroach but do no damage.
You block the giant cockroach's attack. The giant cockroach closely misses you.
You hit the giant cockroach but do no damage.
You block the giant cockroach's attack.
You closely miss the giant cockroach.
The giant cockroach bites you but does no damage.
Ashenzari invites you to partake of a vision and a curse of alchemy and elements.
You closely miss the giant cockroach.
The giant cockroach bites you but does no damage. x2
You hit the giant cockroach but do no damage.
The giant cockroach bites you but does no damage.
You thump the giant cockroach!
You kill the giant cockroach!
Found a spear.
Found a stone staircase leading down.
Okay, then.
You see here a +0 spear.
A dart slug comes into view.
Unknown command.
Are you sure you want to abandon this character and quit the game? (Confirm with "yes".)

#####... #......## #
####.......##.#
.>.'..........#. .
#.......####.##.
#######...........###
......w....####.....####
######.#..#..###.......
#@#..#....#.......
#.#..#..#.#.......
#.#...............
..#.....#.#.......
#.#.......#<#+#### {
....#...###.# ..........
..# .....##.###.###
.....+... ...


You could see a dart slug (wandering).

Vanquished Creatures
  A hound (D:4)
  An orc priest (D:3)
  Ijyb (D:3)
  Natasha (D:2)
  5 adders
  4 gnolls (D:3)
  2 worms (D:2)
  3 dart slugs
  6 orcs (D:3)
  An endoplasm (D:4)
  A giant cockroach (D:4)
  5 goblins
  9 hobgoblins
  3 jackals (D:1)
  3 kobolds
  3 quokkas
  8 ball pythons
  5 bats
  3 frilled lizards
  4 rats (D:1)
69 creatures vanquished.

Notes
Turn   | Place    | Note
-------+----------+-------------------------------------------
     0 | D:1      | banana55725 the Formicid Fighter began the quest for the
                  | Orb.
     0 | D:1      | Reached XP level 1. HP: 18/18 MP: 1/1
    97 | D:1      | Reached XP level 2. HP: 17/24 MP: 2/2
   392 | D:1      | Reached XP level 3. HP: 21/30 MP: 3/3
   818 | D:1      | Found a faded altar of an unknown god.
   826 | D:1      | Prayed at the altar of an unknown god.
   826 | D:1      | Became a worshipper of Ashenzari the Shackled
  1170 | D:2      | Reached skill level 4 in Fighting
  1172 | D:2      | Reached XP level 4. HP: 36/37 MP: 4/4
  1256 | D:2      | Noticed Natasha
  1261 | D:2      | Killed Natasha
  1547 | D:2      | You fall into a shaft and drop 1 floor!
  1587 | D:3      | Noticed Ijyb
  1597 | D:3      | Killed Ijyb
  1598 | D:3      | Reached XP level 5. HP: 13/43 MP: 5/5
  1606 | D:3      | HP: 2/43 [poisoned by Ijyb]
  2737 | D:3      | Reached XP level 6. HP: 18/50 MP: 6/6
  3227 | D:3      | Found a glowing silver altar of Zin.
  3423 | D:4      | Reached skill level 5 in Fighting
  3558 | D:4      | Quit the game

Illustrated notes

Levels and vault maps discovered:
D:1:      dpeg_arrival_radiant, layout_rooms,
          hellmonk_ecumenical_altar_inner_sanctum, supply_closet_lemuel
D:2:      layout_basic, uniq_natasha
D:3:      layout_loops_ring, zin_treasury, uniq_ijyb
D:4:      layout_basic, mainiacjoe_overflow_paths, dk_yredelemnul_ordeal,
          minmay_manual_mail, uniq_blork_the_orc

Skill      XL: |  1  2  3  4  5  6 |
---------------+-------------------+-----
Shields        | 4 |  4.6
Fighting       | 4 5 |  5.1
Staves         | 3 |  3.9
Armour         | 4 |  4.1

Action                   |  1- 3 |  4- 6 || total
-------------------------+-------+-------++-------
Melee: Quarterstaff      |    87 |   104 ||   191
Invok: Curse Item        |     1 |       ||     1
 Abil: Dig               |       |     1 ||     1
  Use: Potion            |       |     2 ||     2
Armor: Scale mail        |    48 |    25 ||    73
       Chain mail        |       |    42 ||    42
Dodge: Dodged            |    49 |    38 ||    87
Block: Buckler           |    26 |    23 ||    49
